[Event "November 21 Late 2023"]
[Site "https://www.chess.com"]
[Date "2023.11.21"]
[Round "2"]
[White "Spata, German"]
[Black "Suspenser17"]
[Result "1-0"]
[Board "99"]
[TimeControl "180+1"]
[WhiteFideId "113026"]
[WhiteElo "2260"]
[BlackElo "2403"]
[WhiteTeam "ARG"]
[WhiteClock "0:00:14"]
[BlackClock "0:00:05"]

1. Nf3 d5 2. e3 Nf6 3. b3 Bf5 4. Bb2 e6 5. Be2 Be7 6. O-O O-O 7. c4 c6 8. cxd5 cxd5 9. d3 Nc6 10. a3 Rc8 11. Nbd2 Qb6 12. b4 h6 13. Nd4 Bg6 14. N2b3 Rc7 15. Nxc6 Rxc6 16. Bd4 Qb5 17. Bb2 Qa4 18. Nd4 Qxd1 19. Rfxd1 Rcc8 20. Rdc1 a6 21. Kf1 Bd6 22. Ke1 h5 23. h3 Nd7 24. Kd2 Nb6 25. Nb3 Na4 26. Rxc8 Rxc8 27. Rc1 Rxc1 28. Bxc1 b6 29. d4 a5 30. bxa5 bxa5 31. Nxa5 Kf8 32. Bd1 Nb6 33. Bc2 Bxc2 34. Kxc2 Ke7 35. Kb3 h4 36. Bd2 Kd7 37. Bb4 Bh2 38. a4 g5 39. Be1 f5 40. Nb7 Nc4 41. Nc5+ Kd6 42. Nd3 g4 43. a5 g3 44. a6 Kc6 45. Kc2 Bg1 46. fxg3 Nxe3+ 47. Kd2 hxg3 48. Bxg3 Nxg2 49. Be5 Be3+ 50. Ke2 Bg5 51. Nc5 Nf4+ 52. Bxf4 Bxf4 53. Nxe6 Bh6 54. Kd3 Kb6 55. Nc5 Ka7 56. h4 f4 57. h5 Kb6 58. Nd7+ Kxa6 59. Ne5 Kb6 60. Nf7 Bg7 61. h6 Bf6 62. h7 Kc6 63. h8=Q Bxh8 64. Nxh8 Kd6 65. Ng6 f3 66. Ke3 Kc6 67. Kxf3 Kb5 68. Ke3 Kc4 69. Nf4 Kc3 70. Nxd5+ Kc4 71. Nf4 Kb5 72. Ke4 1-0

[Event "November 21 Late 2023"]
[Site "https://www.chess.com"]
[Date "2023.11.21"]
[Round "2"]
[White "Sivakumar, Shaashwath"]
[Black "Vlassov, Nikolai"]
[Result "0-1"]
[Board "100"]
[TimeControl "180+1"]
[WhiteFideId "30912156"]
[BlackFideId "4103360"]
[WhiteElo "2137"]
[BlackElo "2324"]
[WhiteTeam "USA"]
[BlackTeam "FID"]
[WhiteClock "0:00:00"]
[BlackClock "0:01:18"]

1. d4 Nf6 2. c4 Nc6 3. Nf3 e6 4. g3 Bb4+ 5. Nc3 Bxc3+ 6. bxc3 O-O 7. Bg2 b6 8. O-O Na5 9. Ne5 Bb7 10. Bxb7 Nxb7 11. Bg5 d6 12. Bxf6 gxf6 13. Nc6 Qd7 14. d5 Nd8 15. Nd4 e5 16. Nf3 f5 17. Qd2 f6 18. Nh4 Nf7 19. f4 e4 20. a4 a5 21. e3 Kh8 22. Qe2 Nd8 23. Qh5 Rg8 24. Qxf5 Qxf5 25. Nxf5 Nb7 26. h3 Nc5 27. Kg2 h5 28. Ra2 Kh7 29. Rd1 Rae8 30. Rd4 Kg6 31. Nh4+ Kf7 32. Nf5 Kg6 33. g4 hxg4 34. hxg4 Rh8 35. Kg3 Rh1 36. Rdd2 Reh8 37. Rh2 R8xh2 38. Rxh2 Rxh2 39. Kxh2 Nxa4 0-1

[Event "November 21 Late 2023"]
[Site "https://www.chess.com"]
[Date "2023.11.21"]
[Round "2"]
[White "Skatchkov, Valery"]
[Black "Rios Escobar, Adan"]
[Result "1-0"]
[Board "101"]
[TimeControl "180+1"]
[WhiteFideId "24195812"]
[BlackFideId "3403645"]
[WhiteElo "2320"]
[BlackElo "2401"]
[WhiteTeam "RUS"]
[BlackTeam "CHI"]
[WhiteClock "0:01:32"]
[BlackClock "0:00:02"]

1. d4 Nf6 2. c4 g6 3. Nc3 d5 4. Bg5 Ne4 5. Bf4 Nxc3 6. bxc3 Bg7 7. Nf3 O-O 8. e3 c5 9. cxd5 cxd4 10. cxd4 Qxd5 11. Be2 Qa5+ 12. Qd2 Qxd2+ 13. Kxd2 Nc6 14. Rhb1 Rd8 15. Ke1 b6 16. a4 Bg4 17. Rc1 Na5 18. Rc7 Bf6 19. Rac1 Rac8 20. Ba6 Ra8 21. Ne5 Be6 22. f3 h5 23. h3 h4 24. Ke2 Kg7 25. R1c3 Rd5 26. Ng4 Bxg4 27. hxg4 g5 28. Bh2 e6 29. Bd3 Rdd8 30. Be4 Rab8 31. Rxa7 Rbc8 32. Rcc7 Rxc7 33. Bxc7 Rc8 34. Bxb6 Nc4 35. Bc5 Bd8 36. Bc2 Kf6 37. Bd3 Nb2 38. Bb5 e5 39. dxe5+ Kxe5 40. Bd4+ Ke6 41. Bd7+ Kd6 42. Bxc8 Nc4 43. Rd7+ Kc6 44. Rxd8 f5 45. gxf5 g4 46. fxg4 Nd6 47. Be6 Ne4 48. a5 Ng3+ 49. Kf3 Nf1 50. g5 Nd2+ 51. Kg4 h3 52. gxh3 Ne4 53. h4 Nf2+ 54. Kf3 1-0

[Event "November 21 Late 2023"]
[Site "https://www.chess.com"]
[Date "2023.11.21"]
[Round "2"]
[White "Lymar, Vladislav"]
[Black "PoXerStar"]
[Result "1-0"]
[Board "102"]
[TimeControl "180+1"]
[WhiteFideId "14162180"]
[WhiteElo "2234"]
[BlackElo "2395"]
[WhiteTeam "UKR"]
[WhiteClock "0:01:34"]
[BlackClock "0:00:00"]

1. e4 e5 2. Nf3 Nc6 3. Nc3 Nf6 4. h3 Bc5 5. Nxe5 Nxe5 6. d4 Bd6 7. dxe5 Bxe5 8. Bd3 O-O 9. O-O Re8 10. Re1 d6 11. Bg5 c6 12. Qd2 Qb6 13. Rab1 a5 14. Nd1 Bd7 15. c3 d5 16. Be3 Qc7 17. f4 Bd6 18. e5 1-0

[Event "November 21 Late 2023"]
[Site "https://www.chess.com"]
[Date "2023.11.21"]
[Round "2"]
[White "Janaszak, Dawid"]
[Black "Akhayan, Ruben"]
[Result "1-0"]
[Board "103"]
[TimeControl "180+1"]
[WhiteFideId "1119206"]
[BlackFideId "204439"]
[WhiteElo "2218"]
[BlackElo "2141"]
[WhiteTeam "POL"]
[BlackTeam "BEL"]
[WhiteClock "0:01:28"]
[BlackClock "0:01:19"]

1. Nc3 Nf6 2. e4 e5 3. d4 exd4 4. Qxd4 Nc6 5. Qd3 Bb4 6. Bd2 O-O 7. O-O-O Re8 8. Nge2 d5 9. exd5 Ne5 10. Qd4 Qe7 11. Bg5 h6 12. Bxf6 Qxf6 13. Qxb4 Qxf2 14. Qf4 Qb6 15. Ng3 Bg4 16. Be2 Bxe2 17. Ngxe2 Qa6 18. Rhf1 Re7 19. Nd4 Rae8 20. d6 cxd6 21. Nf5 Rc7 22. Rxd6 Rc4 23. Rxa6 Rxf4 24. Rxf4 bxa6 25. Ra4 a5 26. b3 Kh7 27. Rxa5 g6 28. Nd6 Re7 29. Nd5 Re6 30. Nc4 Ng4 31. Rxa7 1-0

[Event "November 21 Late 2023"]
[Site "https://www.chess.com"]
[Date "2023.11.21"]
[Round "2"]
[White "Toropov, Pavel"]
[Black "Kujawski, Adam"]
[Result "1-0"]
[Board "104"]
[TimeControl "180+1"]
[WhiteFideId "24129178"]
[BlackFideId "1100920"]
[WhiteElo "2182"]
[BlackElo "2054"]
[WhiteTeam "RUS"]
[BlackTeam "POL"]
[WhiteClock "0:00:42"]
[BlackClock "0:00:08"]

1. e4 e5 2. Nf3 Nc6 3. Nc3 Nf6 4. d4 Bb4 5. Nxe5 Nxe4 6. Qg4 Nxc3 7. Qxg7 Rf8 8. a3 Nxd4 9. axb4 Nxc2+ 10. Kd2 Nxa1 11. Kxc3 Qe7 12. Bh6 f6 13. Qxe7+ Kxe7 14. Bxf8+ Kxf8 15. Ng4 a5 16. Nxf6 axb4+ 17. Kxb4 d6 18. Bd3 Be6 19. Nxh7+ Kg7 20. Ng5 c5+ 21. Kc3 Bd7 22. Ne4 b5 23. Nxd6 b4+ 24. Kd2 Bc6 25. Nc4 Nb3+ 26. Kc2 Nd4+ 27. Kb1 Kf6 28. f3 Rg8 29. Ne3 b3 30. Re1 Rd8 31. Bc4 Bxf3 32. gxf3 Nxf3 33. Rf1 Ke5 34. Rxf3 Kd4 35. Bxb3 Re8 36. Nf5+ 1-0

[Event "November 21 Late 2023"]
[Site "https://www.chess.com"]
[Date "2023.11.21"]
[Round "2"]
[White "Su, Dion"]
[Black "Shapiro, Viktor"]
[Result "1-0"]
[Board "105"]
[TimeControl "180+1"]
[WhiteFideId "2029731"]
[BlackFideId "4175700"]
[WhiteElo "2385"]
[BlackElo "2084"]
[WhiteTeam "USA"]
[BlackTeam "RUS"]
[WhiteClock "0:00:07"]
[BlackClock "0:00:00"]

1. e4 c5 2. Nf3 d6 3. d4 cxd4 4. Nxd4 Nf6 5. Nc3 a6 6. Be3 e5 7. Nb3 Be7 8. f3 h5 9. Qd2 Be6 10. Nd5 Nxd5 11. exd5 Bf5 12. Na5 Qc7 13. c4 b6 14. Nb3 Nd7 15. Be2 a5 16. a4 Nc5 17. Nxc5 bxc5 18. O-O O-O 19. f4 exf4 20. Rxf4 Bg6 21. Bd3 Bg5 22. Rf3 Bxe3+ 23. Rxe3 Bxd3 24. Qxd3 Rfe8 25. Rae1 Qd7 26. b3 Rab8 27. h3 Rxe3 28. Rxe3 Re8 29. Qe2 Rxe3 30. Qxe3 Qf5 31. Qc3 Kh7 32. Qxa5 Qb1+ 33. Kh2 Qxb3 34. Qb5 Qe3 35. a5 Qf4+ 36. Kh1 g5 37. Qb1+ Kg7 38. Qa1+ f6 39. a6 g4 40. a7 gxh3 41. a8=Q hxg2+ 42. Kxg2 Qg4+ 43. Kf2 Qf4+ 44. Ke2 Qxc4+ 45. Kd2 Qf4+ 46. Kd3 Qf3+ 47. Kc4 Qe2+ 48. Kb3 Qb5+ 49. Ka3 Qb4+ 50. Ka2 Qc4+ 51. Kb2 Qe2+ 52. Ka3 Qd3+ 53. Ka4 Qc4+ 54. Ka5 Qb4+ 55. Ka6 Qg4 56. Qb7+ Kg6 57. Qa5 Kg5 58. Qac7 Qa4+ 59. Kb6 Qb4+ 60. Kc6 Qa4+ 61. Kxd6 c4 62. Qcc6 Qa3+ 63. Qc5 Qg3+ 64. Kc6 Qe5 65. d6 Qxc5+ 66. Kxc5 c3 67. Qd5+ f5 68. d7 c2 69. Qc4 1-0

[Event "November 21 Late 2023"]
[Site "https://www.chess.com"]
[Date "2023.11.21"]
[Round "2"]
[White "Buchenau, Frank"]
[Black "Santos Flores, Alberto"]
[Result "1/2-1/2"]
[Board "106"]
[TimeControl "180+1"]
[WhiteFideId "4604350"]
[BlackFideId "3601234"]
[WhiteElo "2157"]
[BlackElo "2235"]
[WhiteTeam "GER"]
[BlackTeam "ECU"]
[WhiteClock "0:00:13"]
[BlackClock "0:00:21"]

1. e4 e6 2. d4 d5 3. Nc3 Nf6 4. e5 Nfd7 5. f4 c5 6. Nf3 Nc6 7. Be3 Qb6 8. a3 c4 9. b4 cxb3 10. cxb3 Be7 11. Bd3 f5 12. O-O O-O 13. b4 Qd8 14. Rc1 Nb6 15. h3 Bd7 16. g4 g6 17. Kh1 Kh8 18. gxf5 gxf5 19. Rg1 Rg8 20. Qe2 Qe8 21. Rxg8+ Qxg8 22. Rg1 Qf7 23. Ng5 Bxg5 24. fxg5 Be8 25. g6 hxg6 26. Bg5 Nd7 27. Qf2 Rc8 28. Ne2 Qh7 29. Nf4 Bf7 30. h4 Nd8 31. Bb5 Nc6 32. Rc1 a6 33. Bxc6 Rxc6 34. Rxc6 bxc6 35. Qe2 Nb8 36. Bf6+ Kg8 37. Kg2 Qh6 38. Kg3 Qf8 39. Qc2 Qc8 40. Qc5 Qc7 41. a4 Qb7 42. Qd6 Nd7 43. Qe7 Qc8 44. Nxe6 Nf8 45. Ng5 f4+ 46. Kf3 Qe8 47. Qxf7+ Qxf7 48. Nxf7 Kxf7 49. Kxf4 Ne6+ 50. Ke3 Nc7 51. Bd8 Ne8 52. Bg5 Ke6 53. Bf6 Kf5 54. Bg5 Nc7 55. Bh6 Ne6 56. Bg5 Nf8 57. Be7 Nd7 58. Bd6 Nb6 59. a5 Nc4+ 60. Kf3 Na3 61. Bc5 Nb5 62. Kg3 Nc7 63. Kf3 Ne6 64. Kg3 Nf4 65. Kf3 Nh5 66. Bd6 Ng7 67. Bc5 Ne6 68. Kg3 Ng7 69. Kf3 g5 70. hxg5 Kxg5 71. Be7+ Kf5 72. Bc5 Ne6 73. Bb6 Ng5+ 74. Ke3 Ne4 75. Bc5 Nc3 76. Bb6 Nb5 77. Bc5 Nc7 78. Bb6 Ne6 79. Bc5 Kg4 80. Bb6 Kg3 81. Bc5 Kg2 82. Bb6 Kg3 83. Bc5 Kg4 84. Bb6 Kf5 85. Bc5 Kg6 86. Bb6 Kf7 87. Bc5 Nc7 88. Bb6 Nb5 89. Bc5 Ke6 90. Kf4 Nc3 91. Kg5 Ne4+ 92. Kg6 Nc3 93. Bb6 Ne4 94. Bc5 Nc3 95. Bb6 Ne4 96. Bc5 1/2-1/2

[Event "November 21 Late 2023"]
[Site "https://www.chess.com"]
[Date "2023.11.21"]
[Round "2"]
[White "hristos03"]
[Black "Chylewski, Patryk"]
[Result "1/2-1/2"]
[Board "107"]
[TimeControl "180+1"]
[BlackFideId "1186191"]
[WhiteElo "2383"]
[BlackElo "2176"]
[BlackTeam "POL"]
[WhiteClock "0:00:06"]
[BlackClock "0:00:03"]

1. e4 c5 2. Nf3 Nc6 3. d4 cxd4 4. Nxd4 g6 5. Nc3 Bg7 6. Be3 Nf6 7. Be2 O-O 8. O-O d5 9. Nxc6 bxc6 10. e5 Nd7 11. f4 e6 12. Rf3 c5 13. Nb5 Rb8 14. Rb1 d4 15. Bf2 Bb7 16. Rh3 Bd5 17. c4 Be4 18. Bd3 Bxd3 19. Qxd3 Qa5 20. a3 Rfc8 21. Nd6 Rc6 22. Ne4 Qa4 23. b4 cxb4 24. Qxd4 Qc2 25. Rf1 Rxc4 26. Qxd7 Qxe4 27. axb4 Rcxb4 28. Qxa7 Rc8 29. Rf3 Qe2 30. h3 h5 31. Bg3 Qc2 32. Kh2 Bf8 33. R1f2 Qf5 34. Bh4 Rcc4 35. Bg5 Rc8 36. Qd7 Rbc4 37. Qd2 R4c7 38. Qe3 Bc5 39. Qe2 Bxf2 40. Qxf2 Rc2 41. Qg3 Kh7 42. Bf6 Re2 43. Rd3 Rcc2 44. Rd7 Rxg2+ 45. Qxg2 Rxg2+ 46. Kxg2 Qe4+ 47. Kg3 Qe3+ 48. Kg2 Qe2+ 49. Kg3 Qe1+ 50. Kg2 Qe4+ 51. Kg3 Qe3+ 52. Kg2 Qe2+ 53. Kg3 Qe1+ 54. Kg2 Qe4+ 1/2-1/2

[Event "November 21 Late 2023"]
[Site "https://www.chess.com"]
[Date "2023.11.21"]
[Round "2"]
[White "Sivakumar, Shaaketh"]
[Black "Nita, Lucian"]
[Result "1-0"]
[Board "108"]
[TimeControl "180+1"]
[WhiteFideId "30940176"]
[BlackFideId "1206923"]
[WhiteElo "2292"]
[BlackElo "2066"]
[WhiteTeam "USA"]
[BlackTeam "ROU"]
[WhiteClock "0:00:47"]
[BlackClock "0:00:38"]

1. c4 d6 2. Nf3 Nf6 3. g3 Nbd7 4. Bg2 e5 5. Nc3 Be7 6. d3 O-O 7. O-O c6 8. b4 a5 9. b5 c5 10. a4 Rb8 11. e3 b6 12. d4 exd4 13. exd4 Re8 14. d5 Bf8 15. Bb2 g6 16. Qc2 Bg7 17. Rae1 Nf8 18. Nd2 Rb7 19. h3 Rbe7 20. Rxe7 Qxe7 21. g4 g5 22. Kh1 h6 23. Nf3 Ng6 24. Re1 Qd8 25. Rxe8+ Qxe8 26. Qe2 Qd8 27. Qe3 Nf4 28. Bf1 Bd7 29. Ne2 Ng6 30. Ng3 Ne8 31. Bc1 Nf4 32. Qe4 Nf6 33. Qc2 Qe7 34. Be3 Nxg4 35. hxg4 Bxg4 36. Nh2 Bd7 37. Qe4 Qf6 38. Bxf4 gxf4 39. Nh5 Qa1 40. Nxg7 Kxg7 41. Qxf4 Qxa4 42. Qxd6 Bf5 43. Qe5+ Kg6 44. Nf3 Qc2 45. Nh4+ Kg5 46. Qxf5+ Qxf5 47. Nxf5 Kxf5 48. Bd3+ Ke5 49. f4+ Kd6 50. Kg2 a4 51. Kf3 a3 52. Bb1 f5 53. Kg3 Ke7 54. Kh4 Kf6 55. Kh5 Kg7 56. d6 Kf6 57. Kxh6 Ke6 58. Kg6 Kxd6 59. Kxf5 Ke7 60. Ke5 Kf7 61. f5 Ke7 62. f6+ Kd7 63. f7 Ke7 64. f8=N Kxf8 65. Kd6 Ke8 66. Ba2 Kd8 67. Kc6 Kc8 68. Kxb6 Kb8 69. Kxc5 Ka8 70. Kb4 Kb7 71. Kxa3 Kb6 72. Kb4 Kb7 73. Bb1 Ka7 74. Bc2 Kb8 75. Bd1 Ka7 76. Be2 Kb8 77. Bf1 Ka7 78. Bg2 Kb6 79. Bh1 Ka7 80. Bf3 Kb8 81. Be4 Ka7 82. Bd3 Kb8 83. c5 Ka7 84. Bc4 Kb8 85. Bb3 Ka7 86. Ba2 Kb8 87. Bb1 Ka7 88. Bc2 Kb8 89. Bd3 Ka7 90. Be4 Kb8 91. Bf5 Ka7 92. Bg6 Kb8 93. Bh7 Ka7 94. Bg8 Kb8 95. Bf7 Ka7 96. Be6 Kb8 97. Bd5 Ka7 98. Bf3 Kb8 99. Bg4 Ka7 100. Bh3 Kb8 101. Bg2 Ka7 102. b6+ Kb8 103. c6 Kc8 104. Kc5 Kb8 105. Bh3 Ka8 106. c7 Kb7 107. Bg2+ Kc8 108. Bf1 Kb7 109. Bb5 Kc8 110. Ba6+ Kd7 111. c8=B+ Kd8 112. Kc6 Ke7 113. b7 Kf6 114. b8=B Kg5 115. Kd5 Kh4 116. Be2 Kg5 117. Ke5 Kg6 118. Ba7 Kf7 119. Be6+ Ke7 120. Bc5+ Kd8 121. Bb6+ Ke7 122. Kf5 Kd6 123. Bd4 Kc6 124. Ke5 Kc7 125. Bb5 Kb7 126. Kd6 Ka8 127. Bb6 Kb7 128. Bc5 Ka8 129. Kc6 Kb8 130. Kb6 Ka8 131. Bc6+ Kb8 132. Bd6# 1-0

[Event "November 21 Late 2023"]
[Site "https://www.chess.com"]
[Date "2023.11.21"]
[Round "2"]
[White "Pinheiro, Iung Alicio de O."]
[Black "Ward, Ieuan C"]
[Result "1-0"]
[Board "109"]
[TimeControl "180+1"]
[WhiteFideId "2104350"]
[BlackFideId "406627"]
[WhiteElo "2283"]
[BlackElo "2371"]
[WhiteTeam "BRA"]
[BlackTeam "ENG"]
[WhiteClock "0:00:10"]
[BlackClock "0:00:13"]

1. e4 c5 2. Nf3 d6 3. Nc3 Nf6 4. e5 dxe5 5. Nxe5 a6 6. Bc4 e6 7. a4 Be7 8. Qe2 O-O 9. O-O Nbd7 10. f4 Nb6 11. Ba2 Nbd5 12. d3 Nxc3 13. bxc3 Nd5 14. Bd2 Bd7 15. a5 Be8 16. f5 exf5 17. Rxf5 Nf6 18. Bc4 Bd7 19. Rf2 Bb5 20. Bb3 Qc7 21. Nc4 Bxc4 22. Bxc4 Rae8 23. Qf3 Bd6 24. g3 Be5 25. Kg2 Kh8 26. h4 Bd6 27. g4 Nd7 28. Qh3 Ne5 29. Bd5 f6 30. c4 Ng6 31. Raf1 Re5 32. h5 Ne7 33. Be4 Nc6 34. g5 Be7 35. h6 Nd4 36. hxg7+ Kxg7 37. Qxh7# 1-0

[Event "November 21 Late 2023"]
[Site "https://www.chess.com"]
[Date "2023.11.21"]
[Round "2"]
[White "Sanchez Alvares, Kelvin Antonio"]
[Black "Bernat, David"]
[Result "1-0"]
[Board "110"]
[TimeControl "180+1"]
[WhiteFideId "3906680"]
[BlackFideId "2099225"]
[WhiteElo "2217"]
[BlackElo "1894"]
[WhiteTeam "VEN"]
[BlackTeam "USA"]
[WhiteClock "0:01:14"]
[BlackClock "0:00:17"]

1. e4 c5 2. Nf3 g6 3. d4 cxd4 4. Nxd4 Nc6 5. c4 Nf6 6. Nc3 d6 7. f3 Nxd4 8. Qxd4 Bg7 9. Be3 O-O 10. Qd2 Be6 11. Rc1 Qa5 12. Nd5 Qxd2+ 13. Kxd2 Bxd5 14. cxd5 Rfc8 15. Rxc8+ Rxc8 16. g3 e6 17. Bh3 Re8 18. dxe6 fxe6 19. Rc1 Re7 20. Bxa7 d5 21. Rc8+ Kf7 22. Bc5 Rd7 23. e5 Bh6+ 24. Kd3 Ne8 25. Bxe6+ Kxe6 26. Rxe8+ Kf7 27. Rc8 Ke6 28. f4 Kf5 29. h3 g5 30. Bf8 gxf4 31. Bxh6 fxg3 32. Rg8 Kxe5 33. Rxg3 Rf7 34. Be3 b5 35. Rg5+ Ke6 36. Rh5 Kd6 37. Kd4 Kc6 38. Rh6+ Kb7 39. Kxd5 Rd7+ 40. Kc5 Re7 41. Bd4 1-0

[Event "November 21 Late 2023"]
[Site "https://www.chess.com"]
[Date "2023.11.21"]
[Round "2"]
[White "i_like_explosions"]
[Black "Khater, Sherif"]
[Result "1-0"]
[Board "111"]
[TimeControl "180+1"]
[BlackFideId "2034280"]
[WhiteElo "2368"]
[BlackElo "2526"]
[BlackTeam "USA"]
[WhiteClock "0:00:04"]
[BlackClock "0:00:04"]

1. Nf3 a6 2. g3 c6 3. Bg2 d5 4. e3 Nf6 5. O-O Bf5 6. b3 Bg6 7. Bb2 e6 8. d3 Nbd7 9. Nbd2 Be7 10. Qe2 O-O 11. e4 dxe4 12. dxe4 Qc7 13. Rfe1 Rfd8 14. Nh4 e5 15. Nxg6 hxg6 16. a3 Nc5 17. Nc4 Nfd7 18. Rad1 Ne6 19. h4 b5 20. Ne3 Bc5 21. Ng4 Nd4 22. Qd3 Nf6 23. Nxf6+ gxf6 24. b4 Bb6 25. c3 Ne6 26. Qf3 Kg7 27. Bc1 Rxd1 28. Rxd1 Rd8 29. Bh3 Rxd1+ 30. Qxd1 Qe7 31. Kf1 a5 32. Ke2 axb4 33. axb4 c5 34. Qd5 Ba7 35. bxc5 Bxc5 36. Be3 Bxe3 37. Kxe3 Qc5+ 38. Qxc5 Nxc5 39. Bf1 Na4 40. Kd2 Nc5 41. f3 f5 42. exf5 gxf5 43. Bxb5 e4 44. Be2 Kf6 45. Ke3 Ke5 46. h5 Kf6 47. fxe4 Nxe4 48. c4 Nxg3 49. Bf3 Ke5 50. c5 f4+ 51. Kf2 Nf5 52. c6 Kd6 53. Kg1 Nd4 54. Be4 Ne6 55. Kf2 Ke5 56. Bf3 Kf5 57. Ke2 Kg5 58. Kd3 f5 59. Kc4 Kh4 60. h6 Nf8 61. c7 Nd7 62. h7 Kg3 63. h8=Q Kxf3 64. Qh5+ Ke3 65. Qe8+ 1-0

[Event "November 21 Late 2023"]
[Site "https://www.chess.com"]
[Date "2023.11.21"]
[Round "2"]
[White "ciutadella"]
[Black "Todorovic, Bojan"]
[Result "1-0"]
[Board "112"]
[TimeControl "180+1"]
[BlackFideId "917087"]
[WhiteElo "2524"]
[BlackElo "2266"]
[BlackTeam "SRB"]
[WhiteClock "0:01:13"]
[BlackClock "0:00:08"]

1. Nf3 g6 2. d4 Bg7 3. c4 d6 4. Nc3 Bg4 5. e3 Nd7 6. Be2 c6 7. h3 Bxf3 8. Bxf3 Ngf6 9. O-O O-O 10. b4 Qc7 11. Rb1 e5 12. a4 Rfe8 13. Ba3 Nf8 14. Qd2 Ne6 15. d5 Ng5 16. Be2 Nge4 17. Nxe4 Nxe4 18. Qd3 cxd5 19. cxd5 Nc3 20. Rbc1 Nxe2+ 21. Qxe2 Qd7 22. b5 Rec8 23. Qd2 e4 24. Qb4 f5 25. Qxd6 Qxd6 26. Bxd6 Rd8 27. Bf4 Rxd5 28. Rc7 b6 29. Rfc1 Be5 30. Bxe5 Rxe5 31. Rd7 Rc5 32. Rxc5 bxc5 33. Rc7 a6 34. b6 a5 35. b7 1-0

[Event "November 21 Late 2023"]
[Site "https://www.chess.com"]
[Date "2023.11.21"]
[Round "2"]
[White "Leschinsky, Gary"]
[Black "Tologon tegin, Semetei"]
[Result "0-1"]
[Board "113"]
[TimeControl "180+1"]
[WhiteFideId "30951321"]
[BlackFideId "13800574"]
[WhiteElo "2020"]
[BlackElo "2258"]
[WhiteTeam "USA"]
[BlackTeam "KGZ"]
[WhiteClock "0:00:01"]
[BlackClock "0:00:06"]

1. d4 d5 2. c4 e6 3. Nc3 Nf6 4. cxd5 exd5 5. Bg5 Be7 6. e3 O-O 7. Bd3 Nbd7 8. Qc2 Re8 9. Nge2 c6 10. O-O Ne4 11. Bf4 Nef6 12. Nb5 Nf8 13. Nc7 Bg4 14. Nxa8 Qxa8 15. f3 Bh5 16. e4 dxe4 17. fxe4 Qd8 18. Be3 Ng4 19. Qd2 Nxe3 20. Qxe3 Bg5 21. Qf2 Ne6 22. Rad1 Qb6 23. Ng3 Bh4 24. Bc4 Ng5 25. Qf4 Bxg3 26. hxg3 h6 27. g4 Bg6 28. e5 Ne6 29. Qf2 Rd8 30. Bxe6 fxe6 31. g5 h5 32. Qe3 Kh7 33. Rf2 Qa6 34. b3 Qa3 35. Rf4 Qb4 36. Rdf1 Qe7 37. Qg3 c5 38. dxc5 Qxc5+ 39. Qf2 Qxe5 40. Rf8 Rd4 41. Rf4 Rd3 42. Rf3 Rd6 43. Qh4 Rd4 44. Rf4 Qe3+ 45. Qf2 Qxf2+ 46. R1xf2 Rd5 47. Re2 Bf5 48. Rb4 b6 49. Rc4 Rd7 50. Rc6 Kg6 51. Kh2 Kxg5 52. Kg3 h4+ 53. Kf2 Kg4 54. Rc4+ Kh5 55. Rf4 g5 56. Rc4 g4 57. Rc8 Kg5 58. Rg8+ Kf4 59. g3+ hxg3+ 60. Kg2 Be4+ 61. Rxe4+ Kxe4 62. Rxg4+ Kd3 63. Rxg3+ Kc2 64. Re3 Rd6 65. Kf3 Kb2 66. a4 Ka3 67. Ke4 Kb4 68. Ke5 Rc6 69. Kd4 a5 70. Rd3 Rd6+ 0-1

[Event "November 21 Late 2023"]
[Site "https://www.chess.com"]
[Date "2023.11.21"]
[Round "2"]
[White "Gallegos Diaz, Carlos Alberto"]
[Black "Toniutti, Ezio"]
[Result "0-1"]
[Board "114"]
[TimeControl "180+1"]
[WhiteFideId "3900886"]
[BlackFideId "113034"]
[WhiteElo "2362"]
[BlackElo "2215"]
[WhiteTeam "VEN"]
[BlackTeam "ARG"]
[WhiteClock "0:00:08"]
[BlackClock "0:00:29"]

1. e4 e5 2. Nf3 Nc6 3. Bb5 a6 4. Ba4 d6 5. O-O Bg4 6. d3 Qf6 7. Bxc6+ bxc6 8. Be3 Bxf3 9. Qxf3 Qxf3 10. gxf3 Ne7 11. f4 exf4 12. Bxf4 g5 13. Bd2 Bg7 14. Bc3 Rg8 15. Bxg7 Rxg7 16. Nc3 Kd7 17. Rae1 f5 18. e5 Ng6 19. exd6 cxd6 20. Re3 f4 21. Rh3 Rb8 22. b3 Re8 23. Ne4 Re5 24. Rh6 Kc7 25. c4 f3 26. Rd1 Nf4 27. Rxd6 g4 28. Kf1 Rh5 29. Ke1 Rxh2 30. Kd2 g3 31. Ke3 gxf2 32. Kxf4 Rg1 33. Nxf2 Rxd1 0-1

[Event "November 21 Late 2023"]
[Site "https://www.chess.com"]
[Date "2023.11.21"]
[Round "2"]
[White "Kovacsy, Barnabas"]
[Black "Bugayev, Vladimir"]
[Result "0-1"]
[Board "115"]
[TimeControl "180+1"]
[WhiteFideId "769290"]
[BlackFideId "30901480"]
[WhiteElo "2130"]
[BlackElo "2357"]
[WhiteTeam "HUN"]
[BlackTeam "USA"]
[WhiteClock "0:01:10"]
[BlackClock "0:01:09"]

1. e4 c6 2. d4 d5 3. Nc3 dxe4 4. Nxe4 Nf6 5. Nxf6+ exf6 6. c3 Bd6 7. Bd3 O-O 8. Ne2 Re8 9. O-O Nd7 10. Bf4 Nf8 11. Bxd6 Qxd6 12. Ng3 g6 13. Ne4 Qd8 14. Re1 Be6 15. Qd2 Kg7 16. b3 h6 17. Rad1 b6 18. Bc4 f5 19. Ng3 Qg5 20. Qxg5 hxg5 21. Bxe6 fxe6 22. Nf1 Kf6 23. Ne3 b5 24. c4 a6 25. f3 Rad8 26. Kf2 Nd7 27. d5 cxd5 28. cxd5 e5 29. Rc1 Rc8 30. Rc6+ Rxc6 31. dxc6 Nb6 32. Rc1 Rc8 33. c7 Ke7 34. Rc6 Na8 35. Nd5+ Kd7 36. Rxa6 Nxc7 37. Nxc7 Rxc7 38. Rxg6 Rc2+ 39. Kg3 f4+ 40. Kh3 Rxa2 41. Rxg5 Ke6 42. Rg6+ Kd5 43. Rb6 Kc5 44. Re6 Kd5 45. Re8 Rb2 46. g4 Rxb3 47. g5 Rxf3+ 48. Kg4 Rf2 49. h4 e4 50. h5 f3 51. h6 Rg2+ 52. Kh4 f2 53. h7 f1=Q 54. Rd8+ Kc5 55. Rc8+ Kb4 56. Kh5 Qf7+ 57. Kh4 Qf3 58. Rc2 Qg4# 0-1

[Event "November 21 Late 2023"]
[Site "https://www.chess.com"]
[Date "2023.11.21"]
[Round "2"]
[White "Mazzilli, Piero"]
[Black "Bilan, Danila"]
[Result "0-1"]
[Board "116"]
[TimeControl "180+1"]
[WhiteFideId "807087"]
[BlackFideId "24161918"]
[WhiteElo "2356"]
[BlackElo "2146"]
[WhiteTeam "ITA"]
[BlackTeam "RUS"]
[WhiteClock "0:00:03"]
[BlackClock "0:00:06"]

1. d4 d5 2. c4 c6 3. Nc3 Nf6 4. cxd5 Nxd5 5. Nf3 Nxc3 6. bxc3 g6 7. e4 Bg7 8. Bc4 O-O 9. O-O c5 10. Be3 Bg4 11. e5 Nc6 12. Rb1 Bf5 13. Bd3 cxd4 14. cxd4 Be6 15. Rxb7 Bxa2 16. Be4 Bd5 17. Bxd5 Qxd5 18. Qb3 Rfd8 19. Rc1 Qxb3 20. Rxb3 Nb8 21. Rb7 Bf8 22. h4 Rd7 23. Rcc7 Rxc7 24. Rxc7 Na6 25. Rb7 e6 26. Ng5 Rb8 27. Rxa7 Rb1+ 28. Kh2 Nb4 29. Nxf7 Nc2 30. Ng5 Nxe3 31. fxe3 Bh6 32. Ra8+ Kg7 33. Nxe6+ Kf7 34. Ng5+ Ke7 35. Ra7+ Ke8 36. Rxh7 Bf8 37. Ne6 Ba3 38. d5 Bb2 39. d6 Bxe5+ 40. g3 Bxd6 41. Kh3 Re1 42. Ng7+ Kf8 43. Ne6+ Kg8 44. Rg7+ Kh8 45. Rxg6 Rxe3 46. Nd4 Be5 47. Nf5 Rf3 48. Rg5 Bf6 49. Rg4 Rxf5 50. Rg6 Kh7 51. Rg4 Rf3 52. Kg2 Rb3 53. Rf4 Be5 54. Rf3 Rb2+ 55. Kh3 Kg6 56. Kg4 Rb4+ 57. Kh3 Re4 58. Rd3 Re2 59. Rb3 Kf5 60. Rb5 Re3 61. Kh2 Ke4 62. Rb4+ Kf3 63. h5 Bxg3+ 64. Kh3 Bf4 65. Rc4 Re5 66. Kh4 Bg3+ 67. Kh3 Rxh5+ 68. Rh4 Rxh4# 0-1

[Event "November 21 Late 2023"]
[Site "https://www.chess.com"]
[Date "2023.11.21"]
[Round "2"]
[White "Serban, Cristian-Stefan"]
[Black "Garrido, Denis"]
[Result "0-1"]
[Board "117"]
[TimeControl "180+1"]
[WhiteFideId "1241443"]
[BlackFideId "601217"]
[WhiteElo "2028"]
[BlackElo "2354"]
[WhiteTeam "ROU"]
[BlackTeam "FRA"]
[WhiteClock "0:00:31"]
[BlackClock "0:01:10"]

1. e4 e6 2. d4 d5 3. Bd3 c5 4. c3 Nc6 5. Nf3 cxd4 6. cxd4 dxe4 7. Bxe4 Nf6 8. Bxc6+ bxc6 9. O-O Be7 10. Ne5 Bb7 11. Qa4 Qb6 12. Nd2 O-O 13. Ndc4 Qb5 14. Qc2 Rfd8 15. Be3 Nd5 16. a4 Qa6 17. b3 Rac8 18. Nd3 Nxe3 19. fxe3 c5 20. dxc5 Bxc5 21. Nxc5 Rxc5 22. Rad1 Rcd5 23. Ne5 f6 24. Qc7 Rxd1 25. Rxd1 0-1

[Event "November 21 Late 2023"]
[Site "https://www.chess.com"]
[Date "2023.11.21"]
[Round "2"]
[White "Szente Varga, Fruzsina"]
[Black "dodoucb"]
[Result "1-0"]
[Board "118"]
[TimeControl "180+1"]
[WhiteFideId "712264"]
[WhiteElo "1994"]
[BlackElo "2507"]
[WhiteTeam "HUN"]
[WhiteClock "0:02:16"]
[BlackClock "0:00:05"]

1. e4 e5 2. d4 exd4 3. Qxd4 Nc6 4. Qe3 Nf6 5. Bd2 Be7 6. Nc3 O-O 7. O-O-O d5 8. exd5 Nxd5 9. Nxd5 Qxd5 10. Kb1 Be6 11. b3 Rad8 12. Nf3 Bc5 13. Qg5 h6 14. Qg3 Nb4 15. Bc4 Qf5 16. Bxb4 Bxc4 17. Bc3 g6 18. bxc4 Ba3 19. Qe5 1-0